 Dungeon Crawl Stone Soup version 0.29-a0-338-g1ff7896281 (webtiles) character file.

Game seed: 9022042327434800632

485 bande the Covered (level 7, -9/43 HPs)
             Began as a Gargoyle Fighter on Apr 18, 2022.
             Killed from afar by an orc wizard (12 damage)
             ... with a puff of flame
             ... on level 3 of the Dungeon.
             The game lasted 00:04:58 (3184 turns).

bande the Covered (Gargoyle Fighter)                Turns: 3184, Time: 00:04:59

Health: -9/43      AC: 21    Str: 19    XL:     7   Next: 13%
Magic:  11/11      EV:  7    Int:  9    God:
Gold:   189        SH:  6    Dex: 11    Spells: 6/6 levels left

rFire   . . .      SeeInvis .   a - +0 war axe
rCold   . . .      Faith    .   c - +1 buckler
rNeg    + . .      Spirit   .   f - +2 chain mail {rPois}
rPois   ∞          Reflect  .   (no helmet)
rElec   +          Harm     .   (no cloak)
rCorr   .          Rampage  .   (no gloves)
Will    .....                   (no boots)
Stlth   ..........              (no amulet)
HPRegen 0.14/turn               j - +4 ring of protection
MPRegen 0.12/turn               (no ring)

@: no status effects
A: sickness immunity, AC +4, negative energy resistance 1, electricity
resistance, torment resistance 1, petrification resistance
a: no special abilities


You were on level 3 of the Dungeon.
You visited 1 branch of the dungeon, and saw 4 of its levels.

You collected 189 gold pieces.

Inventory:

Hand Weapons
 a - a +0 war axe (weapon)
 b - a +0 flail
Armour
 c - a +1 buckler (worn)
 f - a +2 chain mail of poison resistance (worn)
Jewellery
 j - a +4 ring of protection (left hand)
Wands
 d - a wand of flame (36)
Scrolls
 g - a scroll of enchant armour
Potions
 e - a potion of cancellation
 h - a potion of attraction
 i - 2 potions of flight


   Skills:
 + Level 4.0 Fighting
 + Level 6.1 Axes
 + Level 6.9 Armour
 + Level 6.9 Shields
 + Level 5.3 Invocations
 + Level 4.4 Evocations


You had 6 spell levels left.
You didn't know any spells.
Your spell library contained the following spells:

 Spells                   Type           Power      Damage    Failure   Level
 Ensorcelled Hibernation  Hex/Ice        0%         N/A       100%        2
 Spider Form              Tmut/Pois      0%         N/A       100%        3
 Anguish                  Hex/Necr       0%         N/A       100%        4


Dungeon Overview and Level Annotations

Branches:
Dungeon (4/15)
 Temple: D:4-7

Altars:

Shops:
D:1 ?


Innate Abilities, Weirdness & Mutations

You are immune to sickness and miasma.
Your stone body is resilient. (AC +4)
You are immune to poison.
You resist negative energy. (rN+)
You are resistant to electric shocks. (rElec)
You are resistant to unholy torment.
You are immune to petrification.


Message History

You block the orc wizard's attack. The orc barely misses you.
The orc priest closely misses you.
Unknown command.
You barely miss the orc wizard.
The orc wizard is moderately wounded.
You closely miss the orc. You hit the orc priest.
The orc wizard hits you but does no damage.
The orc hits you with a +1 vorpal hand axe.
* * * LOW HITPOINT WARNING * * *
x2 The orc priest hits you but does no damage.
Unknown command.
Unknown command.
You hit the orc wizard but do no damage.
The orc wizard is moderately wounded.
You barely miss the orc priest. You slash the orc!
You kill the orc!
You block the orc priest's attack. The orc wizard barely misses you.
The orc priest hits you but does no damage.
The orc wizard hits you but does no damage.
Your Fighting skill increases to level 4!
You hit the orc priest.
The orc priest is moderately wounded.
You barely miss the orc wizard. The orc priest barely misses you.
You block the orc wizard's attack.
You hit the orc priest.
The orc priest is heavily wounded.
You closely miss the orc wizard. You block the orc wizard's attack.
The orc priest hits you but does no damage.
You slash the orc priest!
You kill the orc priest!
You barely miss the orc wizard. You block the orc wizard's attack.
The orc wizard hits you but does no damage.
Things that are here:
a +0 dagger; a +0 ring mail; an orc corpse You closely miss the orc wizard.
The orc wizard is moderately wounded.
The orc wizard hits you but does no damage.
The orc wizard gestures at you while chanting.
The puff of flame hits you!
You die...

###..{..# ...# #.# #....
#....o###### #.# ###.#
+......o..# #.# #..
#.....###>######.# ### #.....#
#.#....#.# ###### #.....#
#.#....#.# #..... #.....#
#.#..).#.#########.....
###.....###...)............#.....
........)###...o@#.#######.#..)..
########)# #.....#.##............
#.# ##..###.##.####.#..... #.#
#..# #.##.# #.#..... # #.####..#
#.##.# #.###### # #.#.....#
#.##.# #.# # ##'#.##.####.##.#
#(# # #....#..........# #.##### #
#....#.#.###.#######.....#


You could see an orc wizard.

Vanquished Creatures
  Sigmund (D:3)
  2 orc priests (D:3)
  A hound (D:3)
  Terence (D:3)
  An orc wizard (D:3)
  Ijyb (D:3)
  An adder (D:3)
  A worm (D:2)
  3 dart slugs
  6 orcs
  3 ball pythons (D:1)
  5 endoplasms
  2 giant cockroaches
  9 hobgoblins
  3 jackals (D:2)
  A quokka (D:3)
  4 bats
  2 frilled lizards
  7 goblins
  4 kobolds
  11 rats
69 creatures vanquished.

Notes
Turn   | Place    | Note
-------+----------+-------------------------------------------
     0 | D:1      | bande the Gargoyle Fighter began the quest for the Orb.
     0 | D:1      | Reached XP level 1. HP: 14/14 MP: 1/1
   177 | D:1      | Reached XP level 2. HP: 19/19 MP: 2/2
   543 | D:1      | Found Tuxzeuwi's Magic Scroll Shoppe.
   675 | D:1      | Reached XP level 3. HP: 20/23 MP: 3/3
  1166 | D:2      | Found a faded altar of an unknown god.
  1888 | D:3      | Reached XP level 4. HP: 29/29 MP: 4/4
  1900 | D:3      | Noticed Terence
  1908 | D:3      | Reached skill level 5 in Axes
  1908 | D:3      | Reached skill level 5 in Invocations
  1908 | D:3      | Reached XP level 5. HP: 10/33 MP: 4/9
  1915 | D:3      | Killed Terence
  2383 | D:3      | Noticed Ijyb
  2387 | D:3      | Noticed Sigmund
  2394 | D:3      | Killed Ijyb
  2395 | D:3      | Reached XP level 6. HP: 26/38 MP: 10/10
  2404 | D:3      | Killed Sigmund
  2568 | D:3      | Noticed an ice beast
  3174 | D:3      | HP: 1/38 [orc/+1 vorpal hand axe (1)]
  3175 | D:3      | Reached XP level 7. HP: 2/42 MP: 11/11
  3184 | D:3      | Killed from afar by an orc wizard

Illustrated notes

Levels and vault maps discovered:
D:1:      dpeg_arrival_ratfight, layout_basic, serial_shops, shop_scrolls
D:2:      layout_loops_ring, dreamdust_ecumenical_altar_statues
D:3:      layout_basic, uniq_terence, uniq_ijyb, uniq_sigmund
D:4:      layout_loops_ring, gammafunk_ghost_icy, uniq_robin

Skill      XL: |  1  2  3  4  5  6  7 |
---------------+----------------------+-----
Axes           | 2 3 5 6 |  6.1
Armour         | 6 |  6.9
Shields        | 6 |  6.9
Invocations    | 5 |  5.3
Evocations     | 4 |  4.4
Fighting       | 4 |  4.0

Action                   |  1- 3 |  4- 6 |  7- 9 || total
-------------------------+-------+-------+-------++-------
Melee: War axe           |   126 |    67 |     8 ||   201
  Use: Scroll            |     7 |     1 |       ||     8
       Potion            |       |     4 |     1 ||     5
Armor: Scale mail        |    71 |    14 |       ||    85
       Chain mail        |       |    43 |    11 ||    54
Dodge: Dodged            |    62 |    24 |     5 ||    91
Block: Buckler           |    32 |    24 |     6 ||    62

Table legend: (Time is in decaauts)
 A = Elapsed time spent in this place.
 B = Non-inter-level travel time spent in this place.
 C = Inter-level travel time spent in this place.
 D = Time resting spent in this place.
 E = Time spent auto-exploring this place.
 F = Levels seen in this place.
 G = Mean time per level.
                   A        B        C        D        E       F      G
               +--------+--------+--------+--------+--------+-----+--------+
         Total |   3255 |   3181 |     74 |    979 |   1604 |   4 |  813.8 |
       Dungeon |   3255 |   3181 |     74 |    979 |   1604 |   4 |  813.8 |
               +--------+--------+--------+--------+--------+-----+--------+

Top non-repeatable levels by time:
     D:1: 1011 daAuts
     D:3: 881 daAuts
     D:2: 801 daAuts
     D:4: 560 daAuts
